 Dungeon Crawl Stone Soup version 0.28-a0-1128-gb845255321 (webtiles) character file.

Game seed: 3675004240612617040

42 LadyOphelia the Ruffian (level 3, -2/28 HPs)
             Began as a Draconian Transmuter on Dec 12, 2021.
             Slain by a goblin (3 damage)
             ... led by Robin
             ... on level 2 of the Dungeon.
             The game lasted 00:04:08 (1926 turns).

LadyOphelia the Ruffian (Draconian Transmuter)      Turns: 1926, Time: 00:04:08

Health: -2/28      AC:  5    Str: 14    XL:     3   Next: 33%
Magic:  6/6        EV: 12    Int: 13    God:
Gold:   51         SH:  0    Dex: 11    Spells: 3/6 levels left

rFire   . . .      SeeInvis .     - Unarmed
rCold   . . .      Faith    .   (no shield)
rNeg    . . .      Spirit   .   (armour unavailable)
rPois   .          Reflect  .   (helmet restricted)
rElec   .          Harm     .   (no cloak)
rCorr   .          Rampage  .   (no gloves)
Will    .....                   (no boots)
Stlth   +.........              (no amulet)
HPRegen 0.09/turn               (no ring)
MPRegen 0.10/turn               (no ring)

@: no status effects
A: AC +5, unfitting armour, cold-blooded
a: no special abilities


You were on level 2 of the Dungeon.
You visited 1 branch of the dungeon, and saw 2 of its levels.

You collected 51 gold pieces.

Inventory:

Potions
 a - a potion of flight {unknown}


   Skills:
 + Level 1.1 Fighting
 + Level 2.1 Dodging
 + Level 3.9 Unarmed Combat
 + Level 2.4 Spellcasting
 + Level 2.0 Transmutations


You had 3 spell levels left.
You knew the following spells:

 Your Spells              Type           Power      Damage    Failure   Level
a - Beastly Appendage     Tmut           12%        N/A       11%         1
b - Wereblood             Tmut           6%         N/A       16%         2

Your spell library contained the following spells:

 Spells                   Type           Power      Damage    Failure   Level
 Spider Form              Tmut/Pois      4%         N/A       43%         3
 Ice Form                 Ice/Tmut       4%         N/A       85%         4


Dungeon Overview and Level Annotations

Branches:
Dungeon (2/15)

Altars:


Innate Abilities, Weirdness & Mutations

Your plain brown scales are hard. (AC +5)
You cannot fit into any form of body armour.
You are cold-blooded and may be slowed by cold attacks.


Message History

The goblin no longer looks unusually strong.
The hobgoblin hits you.
* * * LOW HITPOINT WARNING * * *
The hobgoblin no longer looks unusually strong.
The goblin no longer looks unusually strong.
The hobgoblin no longer looks unusually strong.
The hobgoblin barely misses you.
Found a stone staircase leading down.
You hit the hobgoblin.
The hobgoblin is almost dead.
The hobgoblin closely misses you.
You closely miss the hobgoblin.
The hobgoblin is almost dead.
The hobgoblin barely misses you.
You hit the hobgoblin.
You kill the hobgoblin!
The hobgoblin barely misses you. The goblin misses you.
The goblin hits you but does no damage. The hobgoblin misses you.
The goblin hits you but does no damage.
You barely miss the goblin. The goblin closely misses you.
The hobgoblin barely misses you. The goblin closely misses you.
You hit the goblin.
The goblin is moderately wounded.
The goblin hits you with a +0 dagger.
* * * LOW HITPOINT WARNING * * *
The hobgoblin barely misses you. The goblin closely misses you.
You barely miss the goblin.
The goblin is moderately wounded.
The goblin hits you but does no damage.
The hobgoblin hits you but does no damage.
The goblin closely misses you.
You closely miss the goblin.
The goblin is moderately wounded.
The goblin misses you. The hobgoblin completely misses you.
The goblin hits you with a +0 club.
* * * LOW HITPOINT WARNING * * *
You hit the goblin.
The goblin is heavily wounded.
The goblin hits you with a +0 dagger.
You die...

...# #.........#.# #.# ...#
#.........#.# #.###
######.........#.# #.#..
...............#.# #.#..
#####..........#.# #.#.. #
#..........#'############'#.. #
#............................ #
#..........g.................
#####...........@g...............
#...............g................
#................................
'.....#######..#.#########.......
#.....# ##.#.# #....... .<....#
#...# #....... #.....# ##..#
#######. #.#+#.# #.>. #. ###.#.#


You could see a hobgoblin and 2 goblins.

Vanquished Creatures
  Robin (D:2)
  4 ball pythons
  2 giant cockroaches
  7 goblins
  8 hobgoblins
  A quokka (D:1)
  2 kobolds (D:2)
  A rat (D:1)
26 creatures vanquished.

Notes
Turn   | Place    | Note
-------+----------+-------------------------------------------
     0 | D:1      | LadyOphelia the Draconian Transmuter began the quest for
                  | the Orb.
     0 | D:1      | Reached XP level 1. HP: 16/16 MP: 3/3
   469 | D:1      | Reached XP level 2. HP: 19/23 MP: 5/5
  1191 | D:2      | Learned a level 2 spell: Wereblood
  1880 | D:2      | Noticed Robin
  1890 | D:2      | Killed Robin
  1891 | D:2      | Reached XP level 3. HP: 13/28 MP: 6/6
  1894 | D:2      | HP: 1/28 [hobgoblin[Robin] (2)]
  1925 | D:2      | HP: 1/28 [goblin[Robin] (1)]
  1926 | D:2      | Slain by a goblin

Illustrated notes

Levels and vault maps discovered:
D:1:      lightli_arrival_isolated_outpost, layout_loops_corners,
          nrook_mini_vaults
D:2:      layout_basic, minmay_misc_feat_doors, uniq_robin,
          uniq_crazy_yiuf_cottage, uniq_terence

Skill      XL: |  1  2 |
---------------+-------+-----
Dodging        | 2 |  2.1
Fighting       | |  1.1
Unarmed Combat | |  3.9
Spellcasting   | |  2.4
Transmutations | |  2.0

Action                   || total
-------------------------++-------
Melee: Unarmed           ||   112
       Tailslap          ||     8
       Punch             ||     3
  Use: Potion            ||     1
Armor: Skin              ||    28
Dodge: Dodged            ||    77

Table legend: (Time is in decaauts)
 A = Elapsed time spent in this place.
 B = Non-inter-level travel time spent in this place.
 C = Inter-level travel time spent in this place.
 D = Time resting spent in this place.
 E = Time spent auto-exploring this place.
 F = Levels seen in this place.
 G = Mean time per level.
                   A        B        C        D        E       F      G
               +--------+--------+--------+--------+--------+-----+--------+
         Total |   1923 |   1918 |      5 |    279 |   1335 |   2 |  961.5 |
       Dungeon |   1923 |   1918 |      5 |    279 |   1335 |   2 |  961.5 |
               +--------+--------+--------+--------+--------+-----+--------+

Top non-repeatable levels by time:
     D:1: 1182 daAuts
     D:2: 741 daAuts
